 Dungeon Crawl Stone Soup version 0.29-a0-284-gf9362112df (webtiles) character file.

Game seed: 14948822688551148638

1 spaghetti the Sneak (level 1, -5/18 HPs)
             Began as a Demonspawn Delver on Mar 19, 2022.
             Killed from afar by an orc wizard (9 damage)
             ... with a puff of flame
             ... on level 4 of the Dungeon.
             The game lasted 00:00:29 (70 turns).

spaghetti the Sneak (Demonspawn Delver)               Turns: 70, Time: 00:00:30

Health: -5/18      AC:  3    Str: 12    XL:     1   Next: 16%
Magic:  1/1        EV: 11    Int: 11    God:
Gold:   15         SH:  0    Dex: 14    Spells: 0/0 levels left

rFire   . . .      SeeInvis .     - Unarmed
rCold   . . .      Faith    .   (no shield)
rNeg    . . .      Spirit   .   a - +0 leather armour
rPois   .          Reflect  .   (no helmet)
rElec   .          Harm     .   (no cloak)
rCorr   .          Rampage  .   (no gloves)
Will    .....                   (no boots)
Stlth   +++.......              (no amulet)
HPRegen 0.06/turn               (no ring)
MPRegen 0.07/turn               (no ring)

@: brilliant, hasted, very quick
A: no striking features
a: no special abilities


You were on level 4 of the Dungeon.
You visited 1 branch of the dungeon, and saw 2 of its levels.

You collected 15 gold pieces.


   Skills:
 - Level 3.0 Fighting
 - Level 1.7 Dodging
 + Level 4.6 Stealth
 - Level 1.7 Unarmed Combat


You couldn't memorise any spells.
You didn't know any spells.
Your spell library was empty.

Inventory:

Missiles
 g - 9 stones (quivered) {throwing}
Armour
 a - a +0 leather armour (worn)
Wands
 f - a wand of digging (3)
Scrolls
 b - a scroll of fog
 c - a scroll of magic mapping {!r}

Dungeon Overview and Level Annotations

Branches:
Dungeon (5/15)             Temple (0/1) D:4

Altars:

##....# #....# #....# #....#
#####....###### ####
#.....†.......###≈≈## #######
..###########.#≈≈≈≈≈###8.o.8#
#..≈≈≈≈.≈##.....#
#...@§.§..'..>..#
##....≈≈≈##.....#
#..##≈≈###8.o.8# ########
#######


There were no monsters in sight!


Message History

🤖 Initializing magus.rc ...
Options error: Delay interrupt name "hungry" not recognised. (~/.crawlrc:4761) Options error: Bad monster_list_colour key: strict_neutral (~/.crawlrc:4776) ✅ Successfully initialized magus.rc [v1.9.6] Welcome, spaghetti the Demonspawn Delver.
Everyone else who sought the Orb of Zot has failed.
Will you be different?
Press ? for a list of commands and other information.
Found 9 stones.
Found a stone staircase leading down and a stone staircase leading up.
g - 9 stones {throwing}
h - a fizzy red potion
Press: ? - help, . - travel You can't see that place. [a stone staircase leading up.]
There is a stone staircase leading up here.
You climb upwards.
There is a stone staircase leading down here.
A hobgoblin comes into view.
The helpless hobgoblin fails to defend itself.
You hit the hobgoblin.
You kill the hobgoblin!
You see here a hobgoblin corpse.
You now have 15 gold pieces.
You open the door. 2 orcs and an orc wizard come into view.
Found a staircase to the Ecumenical Temple.
There is an open door here.
The orc wizard shouts!
The orc shouts! x2
The orc hits you with a +0 club. 😕 HP[-1]
You take 1 damage, and now have 17/18 hp.
You hit the orc. The orc closely misses you.
Unknown command.
Sorry, you're not good enough to have a special ability.
Unknown command.
It was a potion of brilliance.
You feel clever all of a sudden. The orc hits you but does no damage.
You feel yourself speed up. The orc wizard barely misses you.
The orc misses you. The orc barely misses you.
You barely miss the orc. You closely miss the orc.
The orc wizard hits you with a +0 dagger.
The orc hits you with a +0 hand axe. The orc barely misses you. 😮 HP[-7]
You take 7 damage, and now have 10/18 hp.
MASSIVE DAMAGE!! (PAUSE)
You hit the orc but do no damage.
The orc wizard hits you but does no damage.
The orc hits you with a +0 hand axe.
* * * LOW HITPOINT WARNING * * *
The orc hits you with a +0 club.
* * * LOW HITPOINT WARNING * * *
😱 HP[-6]
You take 6 damage, and now have 4/18 hp.
MASSIVE DAMAGE!! (PAUSE)
Okay, then.
There is an open door here.
You close the door.
An orc wizard opens the door.
As you read the scroll of fear, it crumbles to dust.
You assume a fearsome visage.
The orc looks frightened! x2
The orc wizard looks frightened!
There's a creature in the doorway!
You closely miss the orc.
The orc wizard gestures wildly while chanting.
The orc wizard flickers and vanishes!
Deactivating autopickup; reactivate with Ctrl-A.
As you close the door, it creaks loudly!
Something unseen opens the door.
A puff of flame appears from out of thin air!
The puff of flame hits you!
Ouch! That really hurt!
You die...

Action                   || total
-------------------------++-------
Melee: Unarmed           ||     6
  Use: Potion            ||     2
       Scroll            ||     1
 Stab: Sleeping          ||     1
Armor: Leather armour    ||     2
Dodge: Dodged            ||     5

Levels and vault maps discovered:
D:4:      layout_rooms, minmay_temple_entry_fiery, serial_shops,
          nicolae_shop_advertising_works [nicolae_subvault_shop_adworks],
          uniq_robin
D:5:      layout_rooms, nicolae_underground_beach

Notes
Turn   | Place    | Note
-------+----------+-------------------------------------------
     0 | D:5      | spaghetti the Demonspawn Delver began the quest for the
                  | Orb.
     0 | D:5      | Reached XP level 1. HP: 18/18 MP: 1/1
     0 | D:5      | magus.rc [v1.9.6]
    51 | D:4      | Found a staircase to the Ecumenical Temple.
    51 | D:4      | Noticed an orc wizard
    59 | D:4      | HP: 4/18 [orc/+0 club (1)]
    70 | D:4      | Killed from afar by an orc wizard

Vanquished Creatures
  A hobgoblin (D:4)
1 creature vanquished.

Table legend:
 A = Non-vault XP
 B = Vault XP
 C = Vault XP percentage of total XP
 D = Non-vault monster count
 E = Vault monster count
 F = Vault count percentage of total count
                 A         B        C        D         E       F
            +---------+---------+-------+---------+---------+-------
      Total |       2 |       0 |   0.0 |       1 |       0 |   0.0
            +---------+---------+-------+---------+---------+-------
        D:4 |       2 |       0 |   0.0 |       1 |       0 |   0.0
            +---------+---------+-------+---------+---------+-------

Illustrated notes

Table legend:
 A = Kills in this place as a percentage of kills in entire the game.
 B = Kills by you in this place as a percentage of kills by you in the entire game.
 C = Kills by friends in this place as a percentage of kills by friends in the entire game.
 D = Other kills in this place as a percentage of other kills in the entire game.
 E = Experience gained in this place as a percentage of experience gained in the entire game.
 F = Experience gained in this place divided by the number of levels of this place that you have seen.
                   A       B       C       D       E      F
               +-------+-------+-------+-------+-------+----------------------
         Total | 100.0 | 100.0 |   N/A |   N/A | 100.0 |   1.0
       Dungeon | 100.0 | 100.0 |   N/A |   N/A | 100.0 |   1.0
               +-------+-------+-------+-------+-------+----------------------

Table legend: (Time is in decaauts)
 A = Elapsed time spent in this place.
 B = Non-inter-level travel time spent in this place.
 C = Inter-level travel time spent in this place.
 D = Time resting spent in this place.
 E = Time spent auto-exploring this place.
 F = Levels seen in this place.
 G = Mean time per level.
                   A        B        C        D        E       F      G
               +--------+--------+--------+--------+--------+-----+--------+
         Total |     65 |     59 |      6 |      0 |     33 |   2 |   32.5 |
       Dungeon |     65 |     59 |      6 |      0 |     33 |   2 |   32.5 |
               +--------+--------+--------+--------+--------+-----+--------+

Top non-repeatable levels by time:
     D:4: 43 daAuts
     D:5: 22 daAuts
